 Dungeon Crawl Stone Soup version 0.32-a0-17-gb74e046682 (webtiles) character file.

Game seed: 13992466317091747875

1607 gelatine the Chopper (level 8, 0/61 HPs)
             Began as a Demonspawn Gladiator on Jan 16, 2024.
             Slain by a hornet (10 damage)
             ... on level 7 of the Dungeon.
             The game lasted 00:15:07 (5259 turns).

gelatine the Chopper (Demonspawn Gladiator)         Turns: 5259, Time: 00:15:09

Health: 0/61       AC: 12    Str: 18    XL:     8   Next: 63%
Magic:  10/10      EV: 13    Int:  8    God:
Gold:   284        SH:  0    Dex: 14    Spells: 9/10 levels left

rFire   . . .        a - +0 war axe
rCold   . . .        (no shield)
rNeg    + . .        b - +0 leather armour
rPois   .            c - +0 helmet
rElec   .            (no cloak)
rCorr   .            s - +1 pair of gloves
SInv    .            (no boots)
Will    .....        (no amulet)
Stlth   ++           w - ring of positive energy
HPRegen 0.30/turn    (no ring)
MPRegen 0.12/turn

%: no passive effects
@: lethally poisoned (0 -> -1), sanguine armoured, slowed, very slow
A: ignite blood 2, powered by death 1, sanguine armour 1, demonic touch 1
a: no special abilities


You were on level 7 of the Dungeon.
You visited 2 branches of the dungeon, and saw 8 of its levels.

You collected 284 gold pieces.

Inventory:

Hand Weapons
 a - a +0 war axe (weapon)
 f - the +6 mace "Leviticus" {protect, rC+++ Will- SInv Stlth-}
   (You found it on level 5 of the Dungeon)

   rC+++:     It renders you almost immune to cold.
   Will-:     It decreases your willpower.
   SInv:      It lets you see invisible.
   Stlth-:    It makes you less stealthy.
Missiles
 d - 5 throwing nets
 e - 4 javelins
 n - 4 boomerangs (quivered)
Armour
 b - a +0 leather armour (worn)
 c - a +0 helmet (worn)
 s - a +1 pair of gloves (worn)
Jewellery
 p - a ring of ice
 v - a ring of ice
 w - a ring of positive energy (left hand)
Wands
 k - a wand of paralysis (22)
 x - a wand of flame (14)
Scrolls
 g - 2 scrolls of torment
 i - a scroll of immolation
 j - 2 scrolls of teleportation
 m - 2 scrolls of vulnerability
 y - a scroll of noise {unknown}
 B - a scroll of brand weapon {unknown}
Potions
 h - 2 potions of heal wounds
 l - a potion of ambrosia
 o - a potion of haste
 q - a potion of resistance
 r - 2 potions of brilliance {unknown}
 t - 6 potions of curing
 u - a potion of enlightenment
 z - a potion of lignification {unknown}
 A - a potion of berserk rage {unknown}


   Skills:
 * Level 4.4 Fighting
 * Level 6.3 Axes
 + Level 3.8 Throwing
 * Level 3.0 Armour
 * Level 4.5 Dodging
 + Level 1.6 Stealth
 * Level 1.6 Spellcasting
 * Level 2.0 Hexes
 + Level 1.6 Evocations


You had 9 spell levels left.
You knew the following spells:

 Your Spells              Type           Power      Damage    Failure   Level
a - Slow                  Hex            12%        N/A       19%         1

Your spell library contained the following spells:

 Spells                   Type           Power      Damage    Failure   Level
 Freeze                   Ice            0%         1d3       41%         1
 Ensorcelled Hibernation  Hex/Ice        4%         N/A       41%         2
 Confusing Touch          Hex            3%         N/A       50%         3
 Sigil of Binding         Hex            3%         N/A       50%         3
 Scorch                   Fire           0%         2d5       54%         2
 Frozen Ramparts          Ice            0%         1d1       78%         3
 Hailstorm                Conj/Ice       0%         3d5       78%         3
 Passwall                 Erth           0%         N/A       78%         3
 Swiftness                Air            0%         N/A       78%         3
 Vampiric Draining        Necr           0%         2d6       78%         3
 Flame Wave               Conj/Fire      0%         2d4       99%         4
 Summon Cactus Giant      Summ           0%         N/A       100%        6


Dungeon Overview and Level Annotations

Branches:
Dungeon (7/15)             Temple (1/1) D:5

Altars:
Ashenzari
Cheibriados
Dithmenos
Fedhas
Gozag
Hepliaklqana
Kikubaaqudgha
Makhleb
Nemelex Xobeh
Okawaru
Qazlal
Ru
Sif Muna
Trog
Vehumet
Wu Jian
Xom
Yredelemnul

Shops:
D:3 =   D:6 (

Annotations:
D:3 3 runed translucent doors, zazu2006's ghost, amateur GnWn
D:4 3 runed translucent doors, timneilson's ghost, novice OpSh


Innate Abilities, Weirdness & Mutations

Your demonic aura often causes spilled blood to erupt in flames.
You regenerate a little health from kills.
When seriously injured, your blood forms armour. (AC +6)
Your touch may inflict minor irresistible damage on your foes.


Message History

Things that are here:
a +0 whip; 4 stones
Things that are here:
a +0 short sword; a +1 dagger of venom; 4 stones
Things that are here:
a +0 short sword; 3 poisoned darts
r - 2 bubbling golden potions (gained 1)
A hornet comes into view.
You throw a boomerang. The boomerang hits the hornet!
The hornet is moderately wounded.
You throw a boomerang.
The boomerang closely misses the hornet.
You throw a boomerang. The boomerang barely misses the hornet.
The hornet stings you!
You are poisoned.
You feel yourself slow down.
You closely miss the hornet.
The hornet is lightly wounded.
You feel very sick. The hornet barely misses you.
The hornet closely misses you. The hornet stings you.
You feel as though you will be slow longer.
You miss the hornet. Your touch misses the hornet.
The hornet is lightly wounded.
You feel very sick. The hornet stings you!
Your blood congeals into armour.
You feel as though you will be slow longer.
The hornet barely misses you. The hornet misses you.
You barely miss the hornet.
The hornet is lightly wounded.
You feel sick. The hornet stings you.
You feel as though you will be slow longer.
The hornet stings you but does no damage.
You slash the hornet!
You touch the hornet!
The hornet is severely wounded.
You feel sick. The hornet stings you!
* * * LOW HITPOINT WARNING * * *
You feel as though you will be slow longer.
The hornet stings you!
You die...

#.# #.# #.# ####
#.# ..# #<# #.#
#.#
#######.########.#
.......☼.°.......#
#.####.○@.#..#####
#)#y°#..#
####)#..#..#
#.)..#.....#
#.#######..# #..
...# ##.# #..# ..
#..# #).


You could see a hornet.

Vanquished Creatures
  The ghost of OldManVictorn the Covert, an amateur GnDe (D:6)
  An ogre (D:4)
  A centaur (D:6)
  4 bullfrogs
  A kobold brigand (D:7)
  3 scorpions
  2 howler monkeys (D:5)
  2 bombardier beetles
  4 hounds
  2 jellies (D:4)
  3 sleepcaps
  2 iguanas
  5 orc wizards
  The ghost of Driedwater the Sneak, a weakling KoDe (D:6)
  4 adders
  A white imp (D:5)
  2 ufetubi (D:6)
  3 dart slugs
  23 orcs
  12 endoplasms
  4 giant cockroaches
  15 goblins
  14 hobgoblins
  11 jackals
  2 quokkas
  3 training dummies (D:6)
  8 ball pythons
  A bat (D:1)
  5 frilled lizards
  11 kobolds
  6 rats
157 creatures vanquished.

Notes
Turn   | Place    | Note
-------+----------+-------------------------------------------
     0 | D:1      | gelatine the Demonspawn Gladiator began the quest for the
                  | Orb.
     0 | D:1      | Reached XP level 1. HP: 16/16 MP: 1/1
   333 | D:1      | Gained mutation: You regenerate a little health from kills.
                  | [demonic ancestry]
   333 | D:1      | Reached XP level 2. HP: 20/22 MP: 2/2
   406 | D:1      | Reached skill level 3 in Axes
   440 | D:1      | Gained mutation: Your demonic aura sometimes causes spilled
                  | blood to erupt in flames. [demonic ancestry]
   440 | D:1      | Reached XP level 3. HP: 27/27 MP: 3/3
   511 | D:1      | Reached skill level 1 in Armour
   627 | D:1      | Found a faded altar of an unknown god.
   634 | D:1      | You fall into a shaft and drop 1 floor!
  1301 | D:2      | Gained mutation: Your touch may inflict minor irresistible
                  | damage on your foes. [demonic ancestry]
  1301 | D:2      | Reached XP level 4. HP: 32/34 MP: 4/4
  1781 | D:3      | Found a faded altar of an unknown god.
  1786 | D:3      | Found a burning altar of Makhleb.
  1835 | D:3      | Reached skill level 1 in Spellcasting
  1867 | D:3      | Found an opulent altar of Gozag.
  1963 | D:3      | Gained mutation: When seriously injured, your blood forms
                  | armour. (AC +6) [demonic ancestry]
  1963 | D:3      | Reached XP level 5. HP: 39/39 MP: 6/6
  2001 | D:3      | Found a bloodstained altar of Trog.
  2046 | D:3      | Found a runed translucent gate.
  2047 | D:3      | Found a runed translucent gate.
  2048 | D:3      | Found a runed translucent gate.
  2095 | D:3      | Found Byam's Jewellery Shop.
  2111 | D:3      | Reached skill level 1 in Stealth
  2137 | D:3      | Learned a level 1 spell: Slow
  2162 | D:3      | Noticed zazu2006's ghost (amateur GnWn)
  2610 | D:4      | Found a runed translucent gate.
  2614 | D:4      | Noticed timneilson's ghost (novice OpSh)
  2618 | D:4      | Found a runed translucent gate.
  2618 | D:4      | Found a runed translucent gate.
  2650 | D:4      | Reached skill level 4 in Axes
  2792 | D:4      | Noticed an ogre
  3098 | D:5      | Entered Level 5 of the Dungeon
  3102 | D:5      | Reached skill level 1 in Evocations
  3102 | D:5      | Reached XP level 6. HP: 15/47 MP: 7/7
  3285 | D:5      | Identified the +6 mace "Leviticus" {protect, rC+++ Will-
                  | SInv Stlth-}
  3334 | D:5      | Found a basalt altar of Yredelemnul.
  3438 | D:4      | Reached XP level 7. HP: 52/52 MP: 8/8
  3587 | D:4      | Reached skill level 5 in Axes
  3980 | D:5      | Reached skill level 1 in Hexes
  4306 | D:5      | Found a staircase to the Ecumenical Temple.
  4310 | Temple   | Entered the Ecumenical Temple
  4389 | D:6      | Gained mutation: Your demonic aura often causes spilled
                  | blood to erupt in flames. [demonic ancestry]
  4389 | D:6      | Reached XP level 8. HP: 60/60 MP: 9/9
  4486 | D:6      | Found a snail-covered altar of Cheibriados.
  4726 | D:6      | Found Cesmucywej's Firing Range.
  4798 | D:6      | Reached skill level 6 in Axes
  4923 | D:6      | Found a runed translucent gate.
  4923 | D:6      | Found a runed translucent gate.
  4924 | D:6      | Found a runed translucent gate.
  4929 | D:6      | Noticed OldManVictorn's ghost (amateur GnDe)
  4929 | D:6      | Noticed Driedwater's ghost (weakling KoDe)
  5064 | D:6      | Killed OldManVictorn's ghost
  5070 | D:6      | Killed Driedwater's ghost
  5251 | D:7      | Noticed a hornet
  5259 | D:7      | Slain by a hornet

Illustrated notes

Levels and vault maps discovered:
D:1:      dpeg_arrival_houses_and_road, layout_basic, basic_ecumenical_altar
D:2:      layout_loops_cross, serial_glass, glass_columns_a, glass_columns_a,
          glass_columns_a, glass_columns_a, glass_columns_b, glass_columns_a,
          glass_columns_b, glass_columns_b, dreamdust_wishing_well
D:3:      layout_basic, trog_hazing_becter, grunt_gozag_breadcrumbs,
          nicolae_overflow_ecumenical_swirl, serial_shops,
          nicolae_shop_gaudy_bauble, gammafunk_ghost_split, st_stairs_7
D:4:      layout_layer_cave, gammafunk_ghost_split
D:5:      layout_rooms, yredelemnul_altar_generic, temple_hall_moat
D:6:      layout_basic, mainiacjoe_overflow_concentric_impassable, slow_altar_1,
          gammafunk_ghost_cemetery, nicolae_shop_firing_range
D:7:      layout_loops_ring, mainiacjoe_overflow_six_doors_small
Temple:   nicolae_temple_two_arcs

Skill      XL: |  1  2  3  4  5  6  7  8 |
---------------+-------------------------+-----
Dodging        | 3 4 |  4.5
Axes           | 3 4 5 6 |  6.3
Armour         | 1 2 3 |  3.0
Throwing       | 2 3 |  3.8
Spellcasting   | 1 |  1.6
Stealth        | 1 |  1.6
Fighting       | 3 4 |  4.4
Evocations     | 1 |  1.6
Hexes          | 1 2 |  2.0

Action                     |  1- 3 |  4- 6 |  7- 9 || total
---------------------------+-------+-------+-------++-------
  Melee: War axe           |   114 |   120 |   119 ||   353
         Touch             |       |    21 |    20 ||    41
         Punch             |       |     2 |     5 ||     7
  Throw: Boomerang         |       |    24 |    51 ||    75
  Evoke: Wand              |       |     2 |       ||     2
    Use: Scroll            |       |     7 |     9 ||    16
         Potion            |       |     1 |       ||     1
   Stab: Distracted        |     1 |       |       ||     1
         Sleeping          |       |     2 |       ||     2
 Armour: Leather armour    |    72 |    95 |   132 ||   299
  Dodge: Dodged            |    75 |   101 |   128 ||   304

Table legend: (Time is in decaauts)
 A = Elapsed time spent in this place.
 B = Non-inter-level travel time spent in this place.
 C = Inter-level travel time spent in this place.
 D = Time resting spent in this place.
 E = Time spent auto-exploring this place.
 F = Levels seen in this place.
 G = Mean time per level.
                   A        B        C        D        E       F      G
               +--------+--------+--------+--------+--------+-----+--------+
         Total |   5378 |   5243 |    135 |      0 |   3960 |   8 |  672.2 |
       Dungeon |   5376 |   5241 |    135 |      0 |   3960 |   7 |  768.0 |
        Temple |      1 |      1 |      0 |      0 |      0 |   1 |    1.0 |
               +--------+--------+--------+--------+--------+-----+--------+

Top non-repeatable levels by time:
     D:3: 1063 daAuts
     D:1: 1010 daAuts
     D:4: 897 daAuts
     D:6: 886 daAuts
     D:5: 806 daAuts
     D:2: 668 daAuts
     D:7: 43 daAuts
  Temple: 1 daAuts
